 Dungeon Crawl Stone Soup version 0.24-a0-779-g36f0aeb (webtiles) character file.

Game seed: 10640546012271684448, levelgen mode: deterministic

59858 DrEnzyme the Covert (level 14, -1/117 HPs)
             Began as a Naga Wanderer on Oct 7, 2019.
             Was a High Priest of Cheibriados.
             Slain by a tarantella (11 damage)
             ... on level 1 of the Spider Nest on Oct 8, 2019.
             The game lasted 02:06:07 (29785 turns).

DrEnzyme the Covert (Naga Wanderer)                Turns: 29785, Time: 02:06:08

Health: -1/117     AC: 17    Str: 27    XL:     14   Next: 96%
Magic:  28/28      EV: 14    Int: 30    God:    Cheibriados [*****.]
Gold:   1332       SH:  0    Dex: 21    Spells: 10/33 levels left

rFire    + . .     SeeInvis +   D - +6 dagger (venom)
rCold    + + .     Gourm    .   E - +3 buckler {rC+}
rNeg     . . .     Faith    +   x - +2 robe {rC+}
rPois    +         Spirit   .   s - +2 hat
rElec    .         Reflect  .   k - +2 cloak
rCorr    .         Harm     .   p - +0 pair of gloves
MR       +++..                  (no barding)
Stlth    ++........             h - amulet of faith
HPRegen  0.29/turn              j - ring of protection from magic
MPRegen  0.21/turn              d - ring of protection from fire

@: confused, very slow
A: large, slimy green scales 1, see invisible, clever 1, deformed body, magic
resistance 1, poison resistance, slowness 2, slow metabolism 1, spit poison 1,
constrict 1, AC +4
a: Spit Poison, Bend Time, Temporal Distortion, Slouch, Step From Time, Renounce
Religion


You were on level 1 of the Spider Nest.
You worshipped Cheibriados.
Cheibriados was extremely pleased with you.
You were not hungry.

You visited 4 branches of the dungeon, and saw 22 of its levels.

You collected 1780 gold pieces.
You spent 448 gold pieces at shops.

Inventory:

Hand Weapons
 q - a +0 falchion of flaming
 C - a cursed +5 long sword
 D - a +6 dagger of venom (weapon)
Missiles
 y - 2 curare-tipped darts (quivered)
Armour
 k - a +2 cloak (worn)
 n - a +2 leather armour of fire resistance
 p - a +0 pair of gloves (worn)
 s - a +2 hat (worn)
 u - a +0 large shield
 x - a +2 robe of cold resistance (worn)
 E - a +3 buckler of cold resistance (worn)
Jewellery
 d - a ring of protection from fire (right hand)
 g - an uncursed ring of fire
 h - an amulet of faith (around neck)
 j - a ring of protection from magic (left hand)
 F - an uncursed ring of flight
 L - an uncursed ring of ice
Wands
 a - a wand of flame (38)
 G - a wand of iceblast (5)
 H - a wand of polymorph (12)
 O - a wand of clouds (7)
Scrolls
 b - 2 scrolls of amnesia
 c - 3 scrolls of teleportation
 e - 3 scrolls of fear
 i - 12 scrolls of identify
 m - 3 scrolls of fog
 r - a scroll of vulnerability
 z - 4 scrolls of magic mapping
 B - 9 scrolls of remove curse
 I - a scroll of torment
 M - a scroll of acquirement
 N - a scroll of enchant armour
 P - a scroll of random uselessness {unknown}
Potions
 l - 2 potions of ambrosia
 o - 4 potions of agility
 t - a potion of might
 v - a potion of resistance
 w - 3 potions of degeneration
 J - a potion of mutation
 K - 4 potions of lignification
Comestibles
 f - 31 rations


   Skills:
 + Level 5.3 Fighting
 + Level 7.5 Short Blades
 + Level 0.3(4.6) Long Blades
   Level 2.5 Maces & Flails
 - Level 0.6 Throwing
 * Level 8.5 Armour
 + Level 5.9 Dodging
 - Level 10.0 Stealth
 + Level 5.3 Shields
 * Level 10.0 Spellcasting
 + Level 4.8 Conjurations
 + Level 5.7 Summonings
 + Level 1.3 Translocations
 + Level 1.0 Fire Magic
 - Level 2.6 Air Magic
 * Level 7.7 Earth Magic
 + Level 8.7 Poison Magic
 - Level 10.0 Invocations
 + Level 1.8 Evocations


You had 10 spell levels left.
You knew the following spells:

 Your Spells              Type           Power        Failure   Level  Hunger
a - Magic Dart            Conj           ####         1%          1    None
b - Call Imp              Summ           #####...     1%          2    None
c - Blink                 Tloc           N/A          3%          2    None
d - Mephitic Cloud        Conj/Pois/Air  #####...     1%          3    None
e - Conjure Flame         Conj/Fire      ####....     3%          3    None
f - Stone Arrow           Conj/Erth      ######       1%          3    None
g - Lee's Rapid Deconstr  Erth           ######....   4%          5    ###....
h - Petrify               Tmut/Erth      #####...     7%          4    None

Your spell library contained the following spells:

 Spells                   Type           Power        Failure   Level  Hunger
 Sandblast                Erth           ######       1%          1    None
 Passwall                 Tmut/Erth      #####...     1%          2    None
 Corona                   Hex            ###....      3%          1    None
 Dazzling Spray           Conj/Hex       ####..       3%          3    None
 Ensorcelled Hibernation  Hex/Ice        ###...       5%          2    None
 Slow                     Hex            ###.....     5%          2    None
 Confuse                  Hex            ###.....     11%         3    None
 Tukima's Dance           Hex            ###.....     11%         3    None


Dungeon Overview and Level Annotations

Branches:
Dungeon (12/15)            Temple (0/1) D:4            Lair (6/6) D:10
 Shoals (0/4) Lair:2       Spider (2/4) Lair:2        Slime (0/5) Lair:5
    Orc (2/2) D:12            Elf (0/3) Orc:2

Altars:
Ashenzari
Cheibriados
Dithmenos
Elyvilon
Fedhas
Kikubaaqudgha
Okawaru
Ru
Uskayaw
Vehumet
Wu Jian
Beogh
Jiyva

Shops:
D:4 *   D:6 *   D:9 =   D:10 (?   Orc:2 *[((

Portals:
Trove: D:11 (give 15 potions of curing)

Annotations:
D:3 1 runed translucent door, Crazy Yiuf
D:7 exclusion: downstairs
Lair:3 exclusions: downstairs and upstairs
Lair:6 3 exclusions


Innate Abilities, Weirdness & Mutations

You cannot wear boots.
Your serpentine skin is tough. (AC +4)
You have supernaturally acute eyesight. (SInv)
Armour fits poorly on your strangely shaped body.
Your system is resistant to poisons. (rPois)
You cover ground very slowly.
You have a slow metabolism.
You can spit poison.
You can use your snake-like lower body to constrict enemies.
You are partially covered in slimy green scales. (AC +2)
Your mind is acute. (Int +2)
You are resistant to hostile enchantments. (MR+)


Message History

The tarantella barely misses you. The demonic crawler closely misses you.
The demonic crawler misses you. The demonic crawler hits you!
* * * LOW HITPOINT WARNING * * *
The tarantella bites you.
* * * LOW HITPOINT WARNING * * *
You are more confused.
The demonic crawler closely misses you. x3
The tarantella bites you but does no damage.
The demonic crawler barely misses you.
The demonic crawler hits you but does no damage.
The demonic crawler hits you!
* * * LOW HITPOINT WARNING * * *
You are more confused.
You feel invigorated.
The tarantella bites you but does no damage.
The demonic crawler hits you.
* * * LOW HITPOINT WARNING * * *
The demonic crawler hits you but does no damage.
The demonic crawler closely misses you. The tarantella bites you!
You die...

#.##..#......#.........#)....#..#
#................#...#...!.#.^...
#..#.......#......#.#...#.^.....^
#..^.............#..###..........
#.........#........^# ###.###..##
#....###.###........## ### #...^
#....# ### ##..†.....###### #....
#^...# ###.^s..^.##..###....
##...#### ##@s..#.....##....#
#..##..## ##...>..[.........
##..#....## ##......##.......
#.........# ##..........#....
#........## #####...........<...#
#........# ##.#.^.#....#....#[...
#..#..^^####.#.........#.........
##....#####...#....##.......#...#
#^...## #..................^#^..


You could see a demonic crawler and a tarantella.

Vanquished Creatures
  Rupert (Spider:1)
  A ghost moth (Spider:1)
  An orc warlord (Orc:2)
  A stone giant (Orc:2)
  Josephine (Spider:1)
  4 hydras
  2 two-headed ogres
  A tengu warrior (D:11)
  A death yak (Lair:6)
  Urug (Lair:2)
  4 orc high priests (Orc:2)
  5 orb spiders
  An orc sorcerer (Orc:2)
  3 cyclopes (D:11)
  4 ugly things
  9 wolf spiders
  A centaur zombie (D:12)
  2 moths of wrath
  Maurice (D:8)
  4 black mambas
  Psyche (D:8)
  4 torpor snails
  9 spiny frogs
  2 rime drakes (D:11)
  4 komodo dragons
  5 demonic crawlers
  A tengu conjurer (D:11)
  A queen bee (Lair:1)
  2 trolls (Orc:2)
  A polar bear (Lair:6)
  10 jumping spiders
  2 hornets
  2 dream sheep (D:8)
  5 blink frogs (Lair:6)
  5 hippogriffs
  4 spriggans (Lair:6)
  16 redbacks
  7 tarantellas
  3 wyverns
  3 wraiths (Lair:2)
  34 yaks
  3 basilisks
  A hungry ghost (D:8)
  A warg (Orc:2)
  An acid dragon (D:12)
  10 water moccasins
  7 porcupines
  3 ice beasts
  16 orc warriors
  A phantom (D:12)
  A sky beast (D:10)
  An eye of draining (D:9)
  A necrophage (D:12)
  7 ogres
  2 boggarts (Lair:6)
  2 centaurs
  16 wolves
  6 big kobolds
  14 crocodiles
  13 bullfrogs
  A scorpion (D:10)
  A wight (D:8)
  27 killer bees
  2 electric eels (D:8)
  3 howler monkeys
  3 crimson imps (D:12)
  3 hounds
  2 bullfrog skeletons (D:8)
  30 orc priests
  20 orc wizards
  Ijyb (D:3)
  Terence (D:3)
  3 worker ants
  2 hound skeletons
  A howler monkey zombie (D:6)
  3 gnolls (D:9)
  5 adders
  A river rat (D:5)
  2 shadow imps (D:7)
  2 oozes
  4 worms
  A dart slug (D:2)
  8 leopard geckos
  50 orcs
  A bat zombie (D:6)
  A giant cockroach (D:2)
  7 hobgoblins
  7 jackals
  22 kobolds
  A ball python (D:2)
  6 bats
  6 frilled lizards
  6 goblins
  A leopard gecko skeleton (D:8)
  A quokka skeleton (D:8)
  13 rats
  A rat zombie (D:6)
  A fungus (Lair:2)
525 creatures vanquished.

Vanquished Creatures (collateral kills)
  A hippogriff (D:7)
  Sigmund (D:3)
  A porcupine (D:10)
  A hornet zombie (D:8)
  An ice beast (D:5)
  A necrophage (D:9)
  2 ogres
  A centaur (D:8)
  A big kobold (D:8)
  3 bullfrogs
  A scorpion (D:4)
  8 killer bees
  4 wights
  3 crimson imps
  A jelly (D:7)
  3 bullfrog skeletons
  An orc wizard (D:8)
  An iguana (D:4)
  A worker ant (D:5)
  A gnoll (D:9)
  2 adders (D:2)
  A shadow imp (D:6)
  An adder skeleton (D:9)
  2 worms
  6 orcs
  A ball python (D:5)
  A giant cockroach (D:5)
  A frilled lizard (D:4)
  2 jackal skeletons
  4 kobolds (D:9)
  A leopard gecko skeleton (D:5)
59 creatures vanquished.

Vanquished Creatures (others)
  3 killer bees
  An orc (D:8)
  17 fungi
  19 plants
40 creatures vanquished.

Grand Total: 624 creatures vanquished

Notes
Turn   | Place    | Note
-------+----------+-------------------------------------------
     0 | D:1      | DrEnzyme the Naga Wanderer began the quest for the Orb.
     0 | D:1      | DrEnzyme set off with the following items: a +0 mace, a +0
                  | ring mail, a +0 dagger, a ration; and the following spell
                  | memorised: Magic Dart; and the following spells available
                  | to memorise: Blink, Call Imp, Slow, Conjure Flame, Mephitic
                  | Cloud
     0 | D:1      | Reached XP level 1. HP: 18/18 MP: 3/3
   385 | D:1      | Reached XP level 2. HP: 25/25 MP: 0/5
   518 | D:1      | Learned a level 2 spell: Call Imp
   521 | D:1      | Learned a level 2 spell: Blink
  1379 | D:2      | Reached XP level 3. HP: 21/31 MP: 2/6
  1863 | D:2      | Found a hide-covered altar of Uskayaw.
  2216 | D:2      | Reached skill level 1 in Summonings
  2216 | D:2      | Reached XP level 4. HP: 34/38 MP: 0/7
  3204 | D:3      | Reached skill level 1 in Conjurations
  3234 | D:3      | Found a shattered altar of Ashenzari.
  3287 | D:3      | Noticed Ijyb
  3291 | D:3      | Noticed Terence
  3317 | D:3      | Killed Ijyb
  3317 | D:3      | Reached XP level 5. HP: 24/44 MP: 1/9
  3325 | D:3      | Killed Terence
  3624 | D:3      | Found a runed translucent door.
  3625 | D:3      | Noticed Crazy Yiuf
  3765 | D:3      | Found a snail-covered altar of Cheibriados.
  3829 | D:3      | Became a worshipper of Cheibriados the Contemplative
  4059 | D:3      | Noticed Sigmund
  4071 | D:3      | Killed Sigmund
  4071 | D:3      | Reached XP level 6. HP: 38/51 MP: 2/11
  4338 | D:4      | Found a staircase to the Ecumenical Temple.
  4577 | D:4      | Found Tiecewuf's Assorted Antiques.
  4588 | D:4      | Bought a grey potion for 30 gold pieces
  4588 | D:4      | Bought a murky red potion for 30 gold pieces
  4588 | D:4      | Bought a scroll labeled LOCIOL XASARI for 34 gold pieces
  4642 | D:4      | Found a shadowy altar of Dithmenos.
  4860 | D:5      | Entered Level 5 of the Dungeon
  5318 | D:5      | Found a sacrificial altar of Ru.
  5322 | D:5      | Reached XP level 7. HP: 57/57 MP: 6/13
  5413 | D:5      | Reached skill level 1 in Short Blades
  5445 | D:5      | Found a blossoming altar of Fedhas.
  5463 | D:5      | Reached skill level 1 in Dodging
  5465 | D:5      | Reached * piety under Cheibriados
  6026 | D:6      | Learned a level 3 spell: Mephitic Cloud
  6059 | D:6      | Found an ancient bone altar of Kikubaaqudgha.
  6137 | D:6      | Found Taiddith's General Store.
  6165 | D:6      | Bought a +2 robe of cold resistance for 194 gold pieces
  6165 | D:6      | Bought a scroll of identify for 22 gold pieces
  6890 | D:6      | Found an ornate altar of the Wu Jian Council.
  6983 | D:6      | Reached skill level 5 in Spellcasting
  7268 | D:6      | Reached skill level 1 in Invocations
  7268 | D:6      | Reached XP level 8. HP: 48/67 MP: 8/15
  7693 | D:6      | Found a radiant altar of Vehumet.
  8189 | D:7      | Noticed a hippogriff
  8216 | D:7      | Killed a hippogriff
  8216 | D:7      | Reached skill level 1 in Poison Magic
  8562 | D:7      | Found an iron altar of Okawaru.
  8572 | D:7      | Got a faintly humming scale mail
  8583 | D:7      | Identified the +0 scale mail of Laciwios {rC+} (You found
                  | it on level 7 of the Dungeon)
  8870 | D:8      | Noticed Maurice
  8897 | D:8      | Reached ** piety under Cheibriados
  8897 | D:8      | Reached skill level 1 in Air Magic
  8901 | D:8      | Killed Maurice
  8901 | D:8      | Reached XP level 9. HP: 72/74 MP: 11/17
  9125 | D:8      | Noticed Psyche
  9205 | D:7      | Learned a level 3 spell: Conjure Flame
  9535 | D:8      | Reached skill level 1 in Shields
 10272 | D:8      | Noticed a hornet
 10288 | D:9      | Reached *** piety under Cheibriados
 10480 | D:8      | Killed a hornet
 10611 | D:9      | Found Liteinog's Jewellery Boutique.
 10970 | D:9      | Noticed a two-headed ogre
 10993 | D:9      | Killed a two-headed ogre
 10993 | D:9      | Reached XP level 10. HP: 44/81 MP: 6/20
 11213 | D:9      | Reached skill level 5 in Poison Magic
 11424 | D:9      | Found an iron altar of Okawaru.
 11431 | D:9      | Found a white marble altar of Elyvilon.
 11620 | D:10     | Entered Level 10 of the Dungeon
 11669 | D:10     | Reached **** piety under Cheibriados
 11772 | D:10     | Found Duryam's Magic Scroll Boutique.
 11786 | D:10     | Noticed a purple ugly thing
 11936 | D:10     | Reached skill level 5 in Armour
 11995 | D:10     | Reached skill level 5 in Stealth
 12110 | D:10     | Reached skill level 5 in Invocations
 12303 | D:10     | Found a staircase to the Lair.
 12338 | D:10     | Found Lenosola's Antique Weapon Shop.
 12642 | D:11     | Reached ***** piety under Cheibriados
 12649 | D:11     | Noticed a cyclops
 13065 | D:11     | Noticed a tengu warrior
 13076 | D:11     | Noticed a brown ugly thing
 13211 | D:11     | Reached XP level 11. HP: 45/88 MP: 10/22
 13375 | D:11     | Reached skill level 5 in Summonings
 13412 | D:11     | Noticed a cyclops
 13695 | D:10     | Noticed a two-headed ogre
 13707 | D:10     | Killed a two-headed ogre
 13783 | D:10     | Killed a purple ugly thing
 14023 | Lair:1   | Entered Level 1 of the Lair of Beasts
 14309 | Lair:1   | Gained mutation: You are resistant to hostile enchantments.
                  | (MR+) [potion of mutation]
 14309 | Lair:1   | Gained mutation: You are partially covered in slimy green
                  | scales. (AC +2) [potion of mutation]
 14309 | Lair:1   | Gained mutation: Your mind is acute. (Int +2) [potion of
                  | mutation]
 14673 | D:6      | Bought a scroll of teleportation for 33 gold pieces
 14673 | D:6      | Bought a scroll of enchant weapon for 82 gold pieces
 14722 | D:8      | Killed Psyche
 15192 | D:8      | Noticed a two-headed hydra
 15200 | D:8      | Reached skill level 1 in Evocations
 15276 | D:8      | Killed a one-headed hydra
 15619 | D:11     | Killed a cyclops
 15619 | D:11     | Killed a cyclops
 15801 | D:11     | Learned a level 3 spell: Stone Arrow
 15810 | D:11     | Killed a brown ugly thing
 15810 | D:11     | Reached XP level 12. HP: 97/97 MP: 18/24
 15820 | D:11     | Reached skill level 1 in Earth Magic
 15827 | D:11     | Killed a tengu warrior
 16004 | D:11     | Found a portal to a secret trove of treasure.
 16226 | D:11     | Reached ****** piety under Cheibriados
 16522 | D:12     | Found a staircase to the Orcish Mines.
 16606 | Orc:1    | Entered Level 1 of the Orcish Mines
 17659 | Lair:2   | Found a staircase to the Shoals.
 17799 | Lair:2   | Noticed a death yak
 17913 | Lair:2   | Reached skill level 5 in Short Blades
 17917 | Lair:2   | Noticed a six-headed hydra
 17922 | Lair:2   | Noticed Urug
 17929 | Lair:2   | Killed a six-headed hydra
 17931 | Lair:2   | Killed Urug
 18166 | Lair:2   | Found a hole to the Spider Nest.
 18571 | Lair:2   | Noticed a death yak
 18571 | Lair:2   | Noticed a death yak
 18775 | Lair:2   | Noticed a death yak
 19557 | Lair:3   | Learned a level 5 spell: Lee's Rapid Deconstruction
 20059 | Lair:4   | Noticed a seven-headed hydra
 20382 | Lair:4   | Gained mutation: You can use your snake-like lower body to
                  | constrict enemies. [Naga growth]
 20382 | Lair:4   | Reached XP level 13. HP: 105/105 MP: 16/25
 21437 | Lair:5   | Found a staircase to the Slime Pits.
 21438 | Lair:5   | Found a viscous altar of Jiyva.
 21537 | Lair:5   | Found a radiant altar of Vehumet.
 21782 | Lair:6   | Entered Level 6 of the Lair of Beasts
 21989 | Lair:6   | Reached skill level 10 in Stealth
 22159 | Lair:6   | Reached skill level 1 in Translocations
 22350 | Lair:6   | Reached skill level 5 in Earth Magic
 22825 | Lair:4   | Learned a level 4 spell: Petrify
 23359 | Orc:2    | Entered Level 2 of the Orcish Mines
 23359 | Orc:2    | Found a roughly hewn altar of Beogh.
 23776 | Orc:2    | Noticed a stone giant
 24065 | Orc:2    | Found Umeerch Alix's Weapon Shoppe.
 24073 | Orc:2    | Found Ziquibis's Weapon Shoppe.
 24202 | Orc:2    | Found Soruytut's Assorted Antiques.
 24202 | Orc:2    | Found Taonni's Armour Emporium.
 24202 | Orc:2    | Noticed an orc warlord
 24206 | Orc:2    | Killed an orc warlord
 24216 | Orc:2    | Bought a scroll labeled UPHOCV XICA for 23 gold pieces
 24520 | Orc:2    | Killed a stone giant
 24520 | Orc:2    | Reached XP level 14. HP: 107/115 MP: 24/27
 25036 | Orc:2    | Found a staircase to the Elven Halls.
 26102 | Spider:1 | Entered Level 1 of the Spider Nest
 26260 | Lair:2   | Reached skill level 5 in Fighting
 26275 | Lair:2   | Reached skill level 5 in Dodging
 26708 | Spider:1 | Noticed Josephine
 26714 | Lair:2   | Reached skill level 10 in Invocations
 27097 | Spider:1 | Reached skill level 5 in Shields
 27112 | Spider:1 | Killed Josephine
 27544 | Spider:1 | Noticed Rupert
 27555 | Spider:1 | Killed Rupert
 28067 | Spider:1 | Noticed a ghost moth
 28217 | Spider:1 | Killed a ghost moth
 29541 | Spider:2 | Reached skill level 10 in Spellcasting
 29785 | Spider:1 | Slain by a tarantella

Levels and vault maps discovered:
D:1:      lemuel_arrival_behind_the_door_small, layout_loops_cross,
          wander_ebering_terrifying_dragon_lair
D:2:      layout_rooms, nicolae_overflow_crystal_walls, first_ration,
          corexii_hall_statues_s, kennysheep_nondescript, minmay_pentomino_u2
D:3:      layout_loops_ring, old_standard_altar, lemuel_doored_altar,
          minmay_tree_intersection, uniq_ijyb, uniq_sigmund,
          uniq_crazy_yiuf_cottage, uniq_terence
D:4:      layout_basic, lemuel_round_altar, kennysheep_mini, temple_pool_b,
          serial_shops, shop, bh_chokoban
D:5:      layout_rooms, fedhas_altar_3, old_standard_altar,
          gup_sewer_entry_bubbles
D:6:      layout_loops_ring, lemuel_round_altar, lemuel_coloured_pillars_altar,
          lemuel_zombie_altar_kikubaaqudgha, serial_shops, shop
D:7:      layout_basic, okawaru_metal_pillars_3
D:8:      layout_gridville, serial_bayou, serial_bayou_lagoon_a,
          serial_bayou_ford_a, serial_bayou_pond_b, serial_bayou_pond_e,
          hangedman_ranch [blue_anna_fruit_fields],
          hangedman_abyss_or_decor_stagger, uniq_maurice, uniq_psyche
D:9:      layout_irregular_city, amethyst_overflow_temple_binary, serial_shops,
          kennysheep_mini_moat
D:10:     layout_cave_pods, minmay_lair_entry_grove, serial_shops,
          nicolae_shop_statue_plus, shop, grunt_ministairs_5
D:11:     layout_long_grid, portal_ice_cave_rime, gauntlet_entry_generic,
          nicolae_trove_entry_free_sample
D:12:     layout_roguey, david_orc_2
Lair:1:   layout_roguey, special_room [special_room_bee],
          nicolae_lair_grove_arrangements, columned_hall_lemuel,
          eino_small_chamber_without_monster
Lair:2:   layout_regular_city, shoals_dummy_entry,
          nicolae_spider_entry_orb_guardian, cheibrodos_lair_caveside_slide,
          grunt_megastairs_4, uniq_urug
Lair:3:   layout_loops_ring, serial_bayou_shore_b
Lair:4:   layout_loops_ring, grunt_megastairs_2
Lair:5:   layout_regular_city, slime_altar_1, basic_altar, grunt_megastairs_3
Lair:6:   minmay_lair_end_enchanted_forest, layout_loops_ring,
          chequers_serial_rivers_small_a
Spider:1: layout_spider_delve, uniq_rupert, uniq_josephine
Spider:2: layout_spider_delve
Orc:1:    layout_diamond_mine, serial_shops, nicolae_shop_trees
Orc:2:    st_orc_mages, layout_caves, basic_altar

Skill      XL: |  1  2  3  4  5  6  7  8  9 10 11 12 13 14 |
---------------+-------------------------------------------+-----
Armour         | 2 3 4 5 6 7 8 |  8.5
Summonings     | 1 2 3 4 5 |  5.7
Conjurations   | 1 2 3 4 |  4.8
Spellcasting   | 3 4 5 6 7 8 9 10 | 10.0
Stealth        | 4 5 8 10 | 10.0
Short Blades   | 1 2 3 4 5 6 7 |  7.5
Dodging        | 1 2 3 4 5 |  5.9
Fighting       | 2 3 4 5 |  5.3
Invocations    | 1 3 4 5 7 8 9 10 | 10.0
Poison Magic   | 2 4 6 7 8 |  8.7
Air Magic      | 1 2 |  2.6
Shields        | 1 3 4 5 |  5.3
Evocations     | 1 |  1.8
Earth Magic    | 3 5 7 |  7.7
Translocations | 1 |  1.3
Long Blades    | |  0.3
Maces & Flails | |  2.5
Throwing       | |  0.6
Fire Magic     | |  1.0

Action                   |  1- 3 |  4- 6 |  7- 9 | 10-12 | 13-15 || total
-------------------------+-------+-------+-------+-------+-------++-------
Melee: Mace              |    68 |       |       |       |       ||    68
       Dagger            |    59 |   203 |   311 |   397 |   584 ||  1554
       Short sword       |       |    14 |       |       |       ||    14
       Falchion          |       |       |       |     3 |     8 ||    11
       Constrict         |       |       |       |       |   122 ||   122
Throw: Throwing net      |       |     1 |       |     1 |       ||     2
       Dart              |       |       |    11 |    20 |    15 ||    46
 Cast: Magic Dart        |    21 |    11 |     8 |       |       ||    40
       Call Imp          |    10 |    44 |   123 |    36 |     3 ||   216
       Mephitic Cloud    |       |       |    27 |    98 |    93 ||   218
       Blink             |       |       |       |     3 |    12 ||    15
       Stone Arrow       |       |       |       |    12 |     9 ||    21
       Lee's Rapid Decon |       |       |       |       |    15 ||    15
Invok: Step From Time    |       |       |       |     2 |       ||     2
       Slouch            |       |       |       |     8 |    18 ||    26
 Abil: Spit Poison       |       |     1 |       |     3 |     1 ||     5
Evoke: Wand              |       |       |       |    28 |     8 ||    36
  Use: Scroll            |       |    11 |    11 |    17 |     7 ||    46
       Potion            |       |     1 |     4 |     6 |     3 ||    14
 Stab: Distracted        |     1 |       |     4 |     1 |     3 ||     9
       Sleeping          |       |     2 |       |     7 |     4 ||    13
       Confused          |       |       |     8 |    53 |    60 ||   121
  Eat: Chunk             |     4 |     6 |     3 |     3 |     3 ||    19
       Ration            |       |     2 |     2 |     7 |     5 ||    16
Armor: Ring mail         |    48 |   138 |    58 |       |       ||   244
       Robe              |       |       |    94 |   143 |   238 ||   475
       Leather armour    |       |       |       |    33 |       ||    33
Dodge: Dodged            |    59 |   100 |   207 |   274 |   402 ||  1042
Block: Buckler           |       |       |    11 |   175 |   265 ||   451
       Rpst.: Falchion   |       |       |       |       |     2 ||     2

Table legend:
 A = Non-vault XP
 B = Vault XP
 C = Vault XP percentage of total XP
 D = Non-vault monster count
 E = Vault monster count
 F = Vault count percentage of total count
                 A         B        C        D         E       F
            +---------+---------+-------+---------+---------+-------
      Total |   61963 |   23549 |  27.5 |     440 |     146 |  24.9
            +---------+---------+-------+---------+---------+-------
        D:1 |      41 |       0 |   0.0 |      26 |       0 |   0.0
        D:2 |      81 |       5 |   5.8 |      22 |       2 |   8.3
        D:3 |      43 |     224 |  83.9 |      13 |       3 |  18.8
        D:4 |     136 |       0 |   0.0 |       6 |       0 |   0.0
        D:5 |     382 |      24 |   5.9 |      13 |       6 |  31.6
        D:6 |     391 |       3 |   0.8 |      11 |       2 |  15.4
        D:7 |     607 |       0 |   0.0 |      13 |       0 |   0.0
        D:8 |    1395 |    3598 |  72.1 |      23 |      14 |  37.8
        D:9 |    1455 |       0 |   0.0 |      26 |       0 |   0.0
       D:10 |    1985 |    1621 |  45.0 |      19 |      13 |  40.6
       D:11 |    5365 |     766 |  12.5 |      40 |       2 |   4.8
       D:12 |    3923 |     267 |   6.4 |      36 |       7 |  16.3
     Lair:1 |    3145 |    1305 |  29.3 |      12 |      27 |  69.2
     Lair:2 |    8730 |    2165 |  19.9 |      31 |       6 |  16.2
     Lair:3 |    3343 |       0 |   0.0 |      15 |       0 |   0.0
     Lair:4 |    2289 |     588 |  20.4 |      13 |       2 |  13.3
     Lair:5 |    2171 |     910 |  29.5 |      12 |       2 |  14.3
     Lair:6 |    5880 |    2367 |  28.7 |      22 |      13 |  37.1
   Spider:1 |   10696 |    3967 |  27.1 |      24 |       2 |   7.7
   Spider:2 |    4151 |       0 |   0.0 |      16 |       0 |   0.0
      Orc:1 |     591 |       0 |   0.0 |      12 |       0 |   0.0
      Orc:2 |    5163 |    5739 |  52.6 |      35 |      45 |  56.2
            +---------+---------+-------+---------+---------+-------
